 Dungeon Crawl Stone Soup version 0.24-a0-809-g71cb82dfb8 (webtiles) character file.

Game seed: 7799200359179542598, levelgen mode: deterministic

20 Arixos the Skirmisher (level 2, -5/24 HPs)
             Began as a Mummy Monk on Oct 11, 2019.
             Slain by a gnoll
             ... wielding a +0 spear
              (6 damage)
             ... on level 1 of the Dungeon.
             The game lasted 00:02:30 (772 turns).

Arixos the Skirmisher (Mummy Monk)                   Turns: 772, Time: 00:02:31

Health: -5/24      AC:  5    Str: 14    XL:     2   Next: 58%
Magic:  2/2        EV: 12    Int:  9    God:
Gold:   84         SH:  0    Dex: 14    Spells: 1/1 levels left

rFire    x . .     SeeInvis .   a - +0 spear
rCold    + . .     Gourm    .   (no shield)
rNeg     + + +     Faith    .   d - +0 leather armour
rPois    ∞         Spirit   .   (no helmet)
rElec    .         Reflect  .   g - +0 cloak
rCorr    .         Harm     .   b - +0 pair of gloves
MR       .....                  (no boots)
Stlth    ++........             (no amulet)
HPRegen  0.08/turn              (no ring)
MPRegen  0.08/turn              (no ring)

@: no status effects
A: no food or potions, fire vulnerability, cold resistance 1, negative energy
resistance 3, torment resistance, unbreathing
a: no special abilities


You were on level 1 of the Dungeon.
You were not hungry.

You visited 1 branch of the dungeon, and saw 2 of its levels.

You collected 84 gold pieces.

Inventory:

Hand Weapons
 a - a +0 spear (weapon)
Armour
 b - a +0 pair of gloves (worn)
 d - a +0 leather armour (worn)
 g - a +0 cloak (worn)
Scrolls
 c - a scroll of blinking {unknown}
 e - a scroll of enchant armour {unknown}
 f - a scroll of teleportation {unknown}


   Skills:
 + Level 3.3 Fighting
 - Level 2.4 Polearms
 + Level 1.0 Armour
 + Level 2.7 Dodging
 - Level 1.5 Stealth


You had one spell level left.
You didn't know any spells.
Your spell library was empty.

Dungeon Overview and Level Annotations

Branches:
Dungeon (2/15)

Altars:


Innate Abilities, Weirdness & Mutations

You do not eat or drink.
Your flesh is vulnerable to fire.
You are immune to poison.
Your flesh is cold resistant. (rC+)
You are immune to negative energy. (rN+++)
You are immune to unholy pain and torment.
You can survive without breathing.


Message History

You hit the gnoll.
The gnoll is moderately wounded.
A gnoll comes into view. It is wielding a +0 spear.
You hit the gnoll but do no damage. You barely miss the gnoll.
The gnoll hits you with a +0 spear!
You hit the gnoll but do no damage. You closely miss the gnoll.
The gnoll hits you with a +0 spear!
* * * LOW HITPOINT WARNING * * *
The gnoll hits you with a +0 spear.
* * * LOW HITPOINT WARNING * * *
You climb upwards.
There is a stone staircase leading down here.
You hit the gnoll.
The gnoll is lightly wounded.
The gnoll hits you with a +0 spear.
* * * LOW HITPOINT WARNING * * *
You hit the gnoll.
The gnoll is lightly wounded.
The gnoll hits you with a +0 spear.
You die...

###
#.#.#.#...#.########.#
≈≈#
#.#...#.............(#
§§#
#.##....#.#.##########
§># #.##.####...# ≈≈#
#.##.# ##..#
≈≈####.##.# #..#
####....#.# #..#
#.####.######.#
###.##...##...g@#
##....#.####.###.#
...####.##...# #.#
...# #......# ### ...#
###....# ...# #....#
...# ###### ...# ...#


You could see a gnoll.

Vanquished Creatures
  A giant cockroach (D:1)
  3 goblins (D:1)
  2 hobgoblins (D:1)
  3 jackals (D:1)
  A kobold (D:1)
  4 bats (D:1)
  2 frilled lizards (D:1)
  2 rats (D:1)
18 creatures vanquished.

Notes
Turn   | Place    | Note
-------+----------+-------------------------------------------
     0 | D:1      | Arixos the Mummy Monk began the quest for the Orb.
     0 | D:1      | Reached XP level 1. HP: 18/18 MP: 1/1
   114 | D:1      | Reached XP level 2. HP: 17/24 MP: 2/2
   638 | D:1      | Reached skill level 1 in Armour
   771 | D:1      | HP: 1/24 [gnoll/+0 spear (2)]
   772 | D:1      | Slain by a gnoll

Levels and vault maps discovered:
D:1:      grunt_arrival_lava_bath, layout_basic
D:2:      layout_basic, grunt_temple_overflow_holy_war,
          nicolae_overflow_hidden_temple

Skill      XL: |  1  2 |
---------------+-------+-----
Armour         | 1 |  1.0
Fighting       | |  3.3
Polearms       | |  2.4
Dodging        | |  2.7
Stealth        | |  1.5

Action                   || total
-------------------------++-------
Melee: Spear             ||    79
 Stab: Sleeping          ||     6
Armor: Leather armour    ||    25
Dodge: Dodged            ||    36

Table legend:
 A = Non-vault XP
 B = Vault XP
 C = Vault XP percentage of total XP
 D = Non-vault monster count
 E = Vault monster count
 F = Vault count percentage of total count
                 A         B        C        D         E       F
            +---------+---------+-------+---------+---------+-------
      Total |      29 |       0 |   0.0 |      18 |       0 |   0.0
            +---------+---------+-------+---------+---------+-------
        D:1 |      29 |       0 |   0.0 |      18 |       0 |   0.0
            +---------+---------+-------+---------+---------+-------
